 Dungeon Crawl Stone Soup version 0.26-a0-40-gfe7b5d5a6f (webtiles) character file.

Game seed: 4023324819773748751, levelgen mode: deterministic

101081 megajambo the Transmogrifier (level 15, -17/133 (134) HPs)
             Began as a Yellow Draconian Transmuter on May 31, 2020.
             Was a High Priest of Ashenzari.
             Demolished by an acid blob (32 damage)
             ... on level 1 of the Pits of Slime.
             The game lasted 08:03:38 (41012 turns).

megajambo the Transmogrifier (DrTm)                Turns: 41012, Time: 08:03:38

HP:   -17/133 (134) AC: 11    Str: 17    XL:     15   Next: 82%
MP:   12/31         EV: 26    Int: 19    God:    Ashenzari [*****.]
Gold: 1936          SH:  0    Dex: 24    Spells: 2/39 levels left

rFire    . . .     SeeInvis +     - Unarmed
rCold    . . .     Gourm    .   (shield currently unavailable)
rNeg     + . .     Faith    .   (armour unavailable)
rPois    .         Spirit   .   p - +1 hat of the Good {Dex+6} (curse)
rElec    .         Reflect  .   y - +2 cloak (curse)
rCorr    +         Harm     .   (gloves currently unavailable)
MR       +....     Clarity  +   x - +1 pair of boots of the Equinox {rN+ Regen+ Str+4} (curse) Stlth +++.......Rnd*Tele +
                                H - amulet of regeneration
HPRegen  1.12/turn              v - +6 ring of dexterity
MPRegen  0.22/turn              q - +4 ring of evasion

@: blade hands, corroded
A: spit acid, unfitting armour, teleportitis 1, acidic bite, cold-blooded, acid
resistance, AC +9
a: Breathe Acid, End Transformation, Curse Item, Scrying, Transfer Knowledge,
Renounce Religion


You were on level 1 of the Pits of Slime.
You worshipped Ashenzari.
Ashenzari was extremely pleased with you.
You were not hungry.
You had blades for hands.
You visited 7 branches of the dungeon, and saw 26 of its levels.
You also visited: Bailey and Ice Cave.

You collected 2737 gold pieces.
You spent 801 gold pieces at shops.

Inventory:

Hand Weapons
 a - a +3 rapier of venom (melded)
 O - a +4 scimitar of holy wrath
 V - a +4 flail of freezing
 Y - a +2 hand axe of flaming
Missiles
 b - 2 throwing nets
 r - 83 boomerangs (quivered)
 s - 581 arrows
 J - 505 stones
 P - 81 poisoned darts
 X - 4 silver boomerangs
Armour
 g - a +0 buckler
 p - the cursed +1 hat of the Good (worn) {Dex+6}
   (You found it in an ice cave)

   It affects your dexterity (+6).
   It has a curse placed upon it.
 u - a cursed +2 pair of gloves (melded)
 x - the cursed +1 pair of boots of the Equinox (worn) {rN+ Regen+ Str+4}
   (You found it in an ice cave)

   It affects your strength (+4).
   It protects you from negative energy.
   It increases your rate of regeneration.
   It has a curse placed upon it.
 y - a cursed +2 cloak (worn)
Jewellery
 q - a +4 ring of evasion (right scythe-like blade)
 v - a +6 ring of dexterity (left scythe-like blade)
 F - a +6 ring of intelligence
 H - an amulet of regeneration (around neck)
 R - a +6 ring of intelligence
Wands
 j - a wand of iceblast (17)
 l - a wand of flame (13)
 m - a wand of clouds (5)
 B - a wand of polymorph (17)
 N - a wand of disintegration (31)
 U - a wand of acid (9)
 Z - a wand of digging (6)
Scrolls
 k - 3 scrolls of vulnerability
 n - 8 scrolls of teleportation
 t - 4 scrolls of blinking
 w - 4 scrolls of fog
 z - a scroll of silence
 I - 3 scrolls of immolation
 Q - a scroll of holy word
 S - 3 scrolls of fear
Potions
 d - 2 potions of haste
 e - 7 potions of might
 f - a potion of resistance
 o - 6 potions of heal wounds
 A - 2 potions of magic
 C - 9 potions of curing
 L - 5 potions of lignification
 M - 4 potions of brilliance
 T - a potion of cancellation
Miscellaneous
 D - a phial of floods
 E - a tin of tremorstones (3/3)
 K - a phantom mirror
Comestibles
 c - 32 rations


   Skills:
 - Level 12.4 Fighting
 - Level 3.0(3.6) Short Blades
 - Level 3.0(3.6) Long Blades
 - Level 2.0(2.2) Axes
 - Level 1.4(2.0) Maces & Flails
   Level 2.0(2.6) Slings
 - Level 2.6(3.0) Throwing
 - Level 6.0(10.1) Dodging
 - Level 1.7(4.5) Stealth
 * Level 1.5 Shields
 + Level 5.7 Unarmed Combat
 + Level 12.7 Spellcasting
 - Level 3.0 Conjurations
 - Level 4.0 Translocations
 - Level 13.1 Transmutations
 - Level 3.0 Fire Magic
 + Level 3.2 Ice Magic
 - Level 3.0 Air Magic
 - Level 6.1 Earth Magic
 - Level 10.5 Poison Magic
 + Level 5.2 Evocations


You had 2 spell levels left.
You knew the following spells:

 Your Spells              Type           Power        Failure   Level  Hunger
a - Beastly Appendage     Tmut           ######       4%          1    None
b - Blade Hands           Tmut           ######....   13%         5    ####...
c - Sandblast             Erth           #####.       11%         1    None
d - Lee's Rapid Deconstr  Erth           #####.....   50%         5    ####...
e - Ignite Poison         Fire/Tmut/Pois #####...     11%         3    None
f - Freeze                Ice            ###.         19%         1    None
i - Ice Form              Ice/Tmut       #####...     21%         4    #......
k - Blink                 Tloc           N/A          19%         2    None
m - Mephitic Cloud        Conj/Pois/Air  ####....     21%         3    None
o - Olgreb's Toxic Radia  Pois           ######..     13%         4    #......
p - Spider Form           Tmut/Pois      ######....   8%          3    None
s - Sticks to Snakes      Tmut           ######..     5%          2    None
t - Sting                 Tmut/Pois      ####         5%          1    None
v - Poisonous Vapours     Pois/Air       #####.       12%         2    None

Your spell library contained the following spells:

 Spells                   Type           Power        Failure   Level  Hunger
 Passwall                 Tmut/Erth      #####...     8%          2    None
 Magic Dart               Conj           ###.         19%         1    None
 Corona                   Hex            ##.....      34%         1    None
 Call Imp                 Summ           ##......     43%         2    None
 Slow                     Hex            ##......     43%         2    None
 Petrify                  Tmut/Erth      #####...     16%         4    #......
 Stone Arrow              Conj/Erth      ####..       24%         3    None
 Teleport Other           Tloc           ####....     26%         3    None
 Conjure Flame            Conj/Fire      ###.....     32%         3    None
 Frozen Ramparts          Ice            ###...       32%         3    None
 Ozocubu's Armour         Chrm/Ice       ###.....     43%         3    None
 Iskenderun's Mystic Bla  Conj/Tloc      ####....     52%         4    #......
 Hailstorm                Conj/Ice       ###.....     56%         4    #......
 Summon Guardian Golem    Hex/Summ       ##......     58%         3    None
 Summon Ice Beast         Ice/Summ       ###.....     71%         4    #......
 Lightning Bolt           Conj/Air       ###.......   82%         5    ####...
 Conjure Ball Lightning   Conj/Air       ###.......   99%         6    ######.


Dungeon Overview and Level Annotations

Branches:
Dungeon (14/15)            Temple (1/1) D:4            Lair (6/6) D:11
  Swamp (0/4) Lair:2        Snake (1/4) Lair:4        Slime (1/5) Lair:5
    Orc (2/2) D:11            Elf (1/3) Orc:2        Vaults (0/5) D:13
 Bailey (visited)           IceCv (visited)

Altars:
Ashenzari
Cheibriados
Dithmenos
Elyvilon
Fedhas
Gozag
Hepliaklqana
Kikubaaqudgha
Makhleb
Nemelex Xobeh
Okawaru
Qazlal
Ru
Sif Muna
Trog
Uskayaw
Vehumet
Wu Jian
Xom
Yredelemnul
Zin
The Shining One
Jiyva

Shops:
D:9 *   Orc:2 [?:!   Snake:1 }

Portals:
Pandemonium: Orc:2

Annotations:
D:10 erica: venom
D:13 1 runed translucent door, Deudwume's ghost, novice DsFi
Lair:6 1 runed translucent door, ice dragon
Snake:1 need poison protection or spells to cast from ice beast besides poison, 2 tr, Aizul
Orc:1 up to
Orc:1 from
Orc:2
Orc:2 2 transporters, 1 exclusion
Elf:1 todo lots of elves


Innate Abilities, Weirdness & Mutations

You can spit globs of acid.
Your golden yellow scales are hard. (AC +9)
You cannot fit into any form of body armour.
You have acidic saliva.
You are cold-blooded and may be slowed by cold attacks.
You are resistant to acid. (rCorr)
You are occasionally teleported next to monsters.


Message History

You ignite the poison in your surroundings!
The titanic slime creature seems to burn from within!!
The titanic slime creature is moderately wounded.
Your adder completely misses the acid blob.
The acid blob hits you!!
* * * LOW HITPOINT WARNING * * *
You are splashed with acid.
You resist.
* * * LOW HITPOINT WARNING * * *
The slime creature completely misses you.
The titanic slime creature closely misses you.
Your adder barely misses the acid blob.
The acid blob spits acid at you. The splash of acid hits you. You resist.
* * * LOW HITPOINT WARNING * * *
The acid corrodes you!
You are splashed with acid.
You resist.
* * * LOW HITPOINT WARNING * * *
Your adder bites the acid blob.
Your adder is burned by acid!
The acid blob hits you!!
You die...

#......... * *
#......... , *
###.......>.,,,
##.#.........,
,, ,
#.........#.. ,
*
#............,
, ##..<........
, ,,
#...JJJ...... ,
, ##...@S......
, ,**
##.......... ,,
#........... ,
,,
*#........... ,
, ,
#...#.#......
,,
##.###...#.#. ,
,, ## #.#.... ,
,* *###.## *
,,, *


You could see an acid blob, a titanic slime creature, a slime creature and a
friendly adder.

Vanquished Creatures
  Frances (D:14)
  A deep elf sorcerer (Elf:1)
  A stone giant (D:11)
  A reaper (IceCv)
  A deep elf demonologist (Elf:1)
  2 dire elephants (Lair:5)
  Snorg (Lair:6)
  6 hydras
  A catoblepas (D:13)
  An ogre mage (D:13)
  2 centaur warriors
  A two-headed ogre (D:10)
  Erica (D:10)
  A death yak (Lair:3)
  6 dancing weapons (Elf:1)
  A sun demon (Orc:1)
  8 orc high priests (Orc:2)
  4 deep elf knights (Elf:1)
  The ghost of ICC the Blocker, a novice FoFi of Uskayaw (D:6)
  A gelid demonspawn (Orc:2)
  An unseen horror (D:13)
  A swamp dragon (Lair:6)
  A harpy (shapeshifter) (Elf:1)
  5 deep elf archers
  12 deep elf magi
  A wolf spider zombie (D:14)
  2 lindwurms (Lair:6)
  7 orc knights
  3 orc sorcerers (Orc:2)
  2 ugly things
  4 cyclopes
  A shining eye (Slime:1)
  7 elephants
  A manticore (D:14)
  4 black mambas
  3 centaur zombies
  2 ice statues (IceCv)
  A gargoyle (D:11)
  6 torpor snails
  3 orange demons (Orc:2)
  12 spiny frogs
  A kobold demonologist (D:14)
  3 rime drakes
  6 komodo dragons
  9 ice devils (IceCv)
  A hellwing (Orc:2)
  A polar bear (Lair:6)
  Prince Ribbit (D:6)
  Grinder (D:4)
  4 trolls
  3 tyrant leeches (Lair:6)
  8 hornets (Lair:6)
  15 blink frogs
  13 slime creatures
  10 hippogriffs
  3 air elementals (Elf:1)
  A shadow (D:11)
  3 wraiths
  19 yaks
  A human (D:8)
  10 basilisks
  2 fire elementals (Elf:1)
  2 water elementals
  2 wyverns
  A human (shapeshifter) (Elf:1)
  2 steam dragons (Lair:6)
  2 hungry ghosts
  4 nagas (Snake:1)
  2 wargs (Orc:1)
  An acid dragon (D:13)
  30 water moccasins
  6 porcupines
  29 orc warriors
  9 sky beasts
  4 phantoms
  3 necrophages (Lair:4)
  2 ice beasts
  3 swamp drakes
  2 black bears
  An eye of draining (D:12)
  12 ogres
  28 wolves
  A boggart (D:13)
  13 centaurs
  11 crocodiles
  6 big kobolds
  10 bullfrogs
  Blork the orc (D:6)
  A water moccasin skeleton (D:8)
  A wyvern skeleton (D:11)
  4 scorpions
  4 killer bees (D:11)
  14 wights
  2 electric eels
  5 howler monkeys (D:9)
  10 crimson imps
  2 quasits
  2 bullfrog zombies
  7 jellies
  37 orc priests
  14 hounds
  2 gnoll shamans
  A bullfrog skeleton (D:8)
  5 centaur skeletons
  3 iguanas
  11 worker ants
  29 orc wizards
  A hound skeleton (D:4)
  A howler monkey zombie (D:7)
  A worker ant zombie (D:11)
  16 gnolls
  21 adders
  3 shadow imps
  4 white imps (IceCv)
  8 ufetubi (IceCv)
  2 oozes
  An adder skeleton (D:9)
  An adder zombie (D:3)
  A dart slug (D:1)
  2 worms
  8 leopard geckos
  88 orcs
  3 giant cockroaches
  10 goblins
  8 hobgoblins
  15 jackals
  3 quokkas
  A ball python (D:7)
  9 bats
  5 frilled lizards
  2 gnoll zombies (D:5)
  35 kobolds
  7 rats
  2 plants (Lair:5)
835 creatures vanquished.

Vanquished Creatures (collateral kills)
  A fire dragon (Lair:6)
  2 elephants (Lair:5)
  3 blink frogs (Lair:1)
  A yak (D:10)
  2 water moccasins
  An orc warrior (D:11)
  A porcupine (Lair:1)
  2 necrophages
  An ogre (D:5)
  A wolf (Lair:5)
  A bullfrog (Lair:1)
  A scorpion (D:4)
  2 crimson imps
  An orc wizard (D:5)
  An orc priest (Orc:1)
  5 adders
  2 shadow imps
  A white imp (IceCv)
  An ufetubus (IceCv)
  4 orcs
  A kobold (D:11)
  A fungus (Lair:1)
36 creatures vanquished.

Vanquished Creatures (others)
  A wizard (D:12)
  A deep elf mage (Elf:1)
  A wolf (D:11)
  2 white imps (IceCv)
  5 ufetubi (IceCv)
  6 fungi
  11 plants
27 creatures vanquished.

Grand Total: 898 creatures vanquished

Notes
Turn   | Place    | Note
-------+----------+-------------------------------------------
     0 | D:1      | megajambo the Draconian Transmuter began the quest for the
                  | Orb.
     0 | D:1      | Reached XP level 1. HP: 16/16 MP: 3/3
     0 | D:1      | plan: leave bosses, return later
   159 | D:1      | Reached XP level 2. HP: 19/23 MP: 5/5
   163 | D:1      | Learned a level 2 spell: Sticks to Snakes
   848 | D:1      | Reached XP level 3. HP: 30/30 MP: 6/6
  1824 | D:2      | Reached XP level 4. HP: 30/38 MP: 7/7
  1832 | D:2      | Reached skill level 3 in Transmutations
  1837 | D:2      | Learned a level 3 spell: Spider Form
  1914 | D:2      | Found a shadowy altar of Dithmenos.
  2740 | D:3      | Found a faded altar of an unknown god.
  3328 | D:4      | Found a shadowy altar of Dithmenos.
  3328 | D:4      | Found a radiant altar of Vehumet.
  3372 | D:4      | Reached skill level 1 in Poison Magic
  3380 | D:4      | Reached XP level 5. HP: 45/46 MP: 8/8
  3414 | D:4      | Found a sacrificial altar of Ru.
  3414 | D:4      | Found a bloodstained altar of Trog.
  3414 | D:4      | Found an ornate altar of the Wu Jian Council.
  3454 | D:4      | Noticed Grinder
  3463 | D:4      | Reached skill level 1 in Short Blades
  3474 | D:4      | todo grinder
  3486 | D:4      | Killed Grinder
  3486 | D:4      | Reached skill level 4 in Transmutations
  3486 | D:4      | Reached XP level 6. HP: 28/52 MP: 6/9
  3490 | D:4      | Learned a level 2 spell: Blink
  3955 | D:4      | Reached skill level 1 in Stealth
  4206 | D:4      | Reached skill level 5 in Transmutations
  4206 | D:4      | Your scales start taking on a golden yellow colour.
  4206 | D:4      | Reached XP level 7. HP: 52/60 MP: 10/10
  4206 | D:4      | Gained mutation: You are resistant to acid. (rCorr) [Yellow
                  | Draconian growth]
  4418 | D:4      | Found a sparkling altar of Nemelex Xobeh.
  4418 | D:4      | Found an opulent altar of Gozag.
  4589 | D:4      | Found a staircase to the Ecumenical Temple.
  4594 | Temple   | Entered the Ecumenical Temple
  4616 | Temple   | Became a worshipper of Ashenzari the Shackled
  4877 | D:4      | Reached skill level 5 in Fighting
  4956 | D:5      | Entered Level 5 of the Dungeon
  5094 | D:5      | Reached skill level 1 in Translocations
  5179 | D:5      | Reached skill level 6 in Transmutations
  5395 | D:5      | Reached XP level 8. HP: 46/69 MP: 11/11
  5719 | D:5      | Reached skill level 7 in Transmutations
  5965 | D:5      | Reached skill level 1 in Slings
  6320 | D:5      | Found a basalt altar of Yredelemnul.
  6397 | D:6      | Noticed Blork the orc
  6555 | D:6      | Found a runed translucent gate.
  6555 | D:6      | Found a runed translucent gate.
  6555 | D:6      | Found a runed translucent gate.
  6555 | D:6      | Noticed ICC's ghost (novice FoFi)
  6556 | D:6      | todo ghost
  6565 | D:6      | Noticed Prince Ribbit
  6580 | D:6      | Killed Prince Ribbit
  6585 | D:6      | Learned a level 3 spell: Mephitic Cloud
  6917 | D:6      | Reached XP level 9. HP: 70/74 MP: 13/13
  6953 | D:6      | Reached skill level 1 in Conjurations
  7098 | D:6      | Reached * piety under Ashenzari
  7139 | D:6      | Reached skill level 5 in Poison Magic
  7356 | D:6      | Killed Blork the orc
  7863 | D:7      | Reached skill level 1 in Air Magic
  7906 | D:7      | Learned a level 5 spell: Blade Hands
  8363 | D:7      | Reached skill level 1 in Axes
  8369 | D:7      | Reached skill level 8 in Transmutations
  8407 | D:7      | Found a glowing golden altar of the Shining One.
  8629 | D:7      | Found a burning altar of Makhleb.
  8983 | D:8      | Found a hide-covered altar of Uskayaw.
  9724 | D:8      | Reached ** piety under Ashenzari
  9754 | D:8      | Reached XP level 10. HP: 83/83 MP: 17/17
  9975 | D:8      | Reached skill level 1 in Throwing
 10075 | D:8      | Reached skill level 1 in Maces & Flails
 10075 | D:8      | Reached skill level 9 in Transmutations
 10405 | D:8      | Found a glowing silver altar of Zin.
 10553 | D:9      | Reached skill level 5 in Spellcasting
 10921 | D:9      | Found a hazy altar of Hepliaklqana.
 10943 | D:9      | Found Dydduigi's Assorted Antiques.
 11091 | D:9      | Bought a scroll labeled TETZYL HUJUNEA for 38 gold pieces
 11092 | D:9      | Bought a scroll labeled XISAKH GYTU for 38 gold pieces
 11173 | D:9      | Found a basalt altar of Yredelemnul.
 11647 | D:10     | Entered Level 10 of the Dungeon
 11728 | D:10     | Noticed a two-headed ogre
 11766 | D:10     | Killed a two-headed ogre
 12386 | D:10     | Noticed Erica
 12532 | D:10     | Reached skill level 10 in Transmutations
 12569 | D:10     | Reached *** piety under Ashenzari
 12929 | D:10     | Killed Erica
 13133 | D:11     | Reached XP level 11. HP: 80/93 MP: 12/20
 13556 | D:11     | Learned a level 4 spell: Ice Form
 14183 | D:11     | Found a staircase to the Orcish Mines.
 14235 | D:11     | Reached skill level 1 in Ice Magic
 14642 | D:11     | Learned a level 3 spell: Ignite Poison
 14745 | D:11     | Found a staircase to the Lair.
 15335 | D:12     | Noticed a deep elf mage
 15364 | Lair:1   | Entered Level 1 of the Lair of Beasts
 16212 | Lair:1   | Learned a level 1 spell: Sting
 16381 | Lair:1   | Reached skill level 11 in Transmutations
 16722 | Lair:1   | Reached skill level 1 in Fire Magic
 16828 | Lair:1   | todo water mocassins
 17689 | Lair:2   | Reached XP level 12. HP: 102/102 MP: 13/23
 17888 | Lair:2   | Found a staircase to the Swamp.
 18117 | Lair:2   | Found a hide-covered altar of Uskayaw.
 19004 | Lair:3   | Reached **** piety under Ashenzari
 19151 | Lair:3   | Noticed an eight-headed hydra
 19163 | Lair:3   | Killed an eight-headed hydra
 19178 | Lair:3   | Found a frozen archway.
 19209 | Lair:3   | Reached skill level 10 in Fighting
 19453 | IceCv    | Entered an ice cave
 19612 | IceCv    | Learned a level 4 spell: Olgreb's Toxic Radiance
 20080 | IceCv    | Identified the +1 pair of boots of the Equinox {rN+ Regen+
                  | Str+4}
 20086 | IceCv    | Got the uncursed hat of the Good {Dex+6}
 20330 | IceCv    | Noticed a reaper
 20368 | IceCv    | Killed a reaper
 20531 | IceCv    | Identified the +1 hat of the Good {Dex+6} (You found it in
                  | an ice cave)
 20804 | Orc:1    | Entered Level 1 of the Orcish Mines
 20810 | Orc:1    | Noticed a stone giant
 20929 | D:11     | Killed a stone giant
 21024 | Orc:1    | Reached skill level 1 in Evocations
 21157 | Orc:1    | Reached XP level 13. HP: 86/112 MP: 13/26
 23863 | Lair:4   | Found a staircase to the Snake Pit.
 23961 | Lair:4   | Reached skill level 1 in Long Blades
 24201 | Lair:4   | Learned a level 2 spell: Poisonous Vapours
 25018 | Lair:5   | Reached skill level 5 in Dodging
 25525 | D:6      | Killed ICC's ghost
 25653 | Orc:2    | Entered Level 2 of the Orcish Mines
 25653 | Orc:2    | Found a staircase to the Elven Halls.
 25667 | Orc:2    | Reached skill level 10 in Spellcasting
 25805 | Orc:2    | Identified the +8 broad axe of the Middle {distort, rN+}
 25805 | Orc:2    | Noticed an orc warlord
 25956 | Orc:2    | Reached ***** piety under Ashenzari
 26469 | Orc:2    | Found Haocir's Distillery.
 26471 | Orc:2    | Found Wirucrir's Magic Scroll Shop.
 26492 | Orc:2    | Reached skill level 10 in Poison Magic
 26702 | Orc:2    | Bought a scroll of noise for 11 gold pieces
 26702 | Orc:2    | Bought a scroll of remove curse for 33 gold pieces
 26702 | Orc:2    | Bought a scroll of identify for 22 gold pieces
 26702 | Orc:2    | Bought a scroll of remove curse for 33 gold pieces
 26702 | Orc:2    | Bought a scroll of identify for 22 gold pieces
 26702 | Orc:2    | Bought a scroll of identify for 22 gold pieces
 26702 | Orc:2    | Bought a scroll of identify for 22 gold pieces
 27284 | Orc:2    | Reached skill level 12 in Transmutations
 27935 | Orc:2    | Gained mutation: You have acidic saliva. [Yellow Draconian
                  | growth]
 27935 | Orc:2    | Reached XP level 14. HP: 120/120 MP: 6/28
 28047 | Orc:2    | Paralysed by an orc sorcerer for 3 turns
 28173 | D:11     | Identified a scroll of acquirement
 28592 | Lair:5   | Found a viscous altar of Jiyva.
 28594 | Lair:5   | Found a staircase to the Slime Pits.
 29549 | Lair:6   | Entered Level 6 of the Lair of Beasts
 30899 | Lair:6   | Reached skill level 13 in Transmutations
 31786 | Lair:6   | Noticed Snorg
 31796 | Lair:6   | Killed Snorg
 31796 | Lair:6   | Reached skill level 1 in Shields
 31811 | Lair:6   | Found a runed translucent door.
 31980 | Snake:1  | Entered Level 1 of the Snake Pit
 31993 | Snake:1  | Identified the +3 pair of boots "Akoukiseiv" {+Blink rC+
                  | Int+8 Dex-2}
 32235 | Snake:1  | Found Kenugim's Gadget Emporium.
 32242 | Snake:1  | Learned a level 1 spell: Sandblast
 32511 | Snake:1  | Found a transporter.
 32511 | Snake:1  | Found a transporter.
 32513 | Snake:1  | Found the +10 tower shield of Ignorance {rN+ Int-4}
 32874 | D:12     | Reached skill level 1 in Earth Magic
 33069 | D:12     | Identified the Incunabulum of Fetching Air
 33842 | D:12     | Found a bloodstained altar of Trog.
 34237 | D:13     | Found a flagged portal.
 34243 | Bailey   | Entered a bailey
 35803 | D:13     | Reached XP level 15. HP: 131/131 MP: 26/30
 35812 | D:13     | Noticed Deudwume's ghost (novice DsFi)
 35827 | D:13     | Identified the Disquisition on Displacement
 35840 | D:13     | Learned a level 5 spell: Lee's Rapid Deconstruction
 36067 | D:13     | Found a runed translucent door.
 36099 | D:13     | Found a gate to the Vaults.
 36419 | D:14     | Noticed Frances
 36439 | D:14     | Killed Frances
 36596 | D:14     | Found a blossoming altar of Fedhas.
 36743 | D:14     | Reached skill level 5 in Earth Magic
 37255 | Elf:1    | Entered Level 1 of the Elven Halls
 38482 | Orc:2    | Found Ecinybamn's Book Shoppe.
 38482 | Orc:2    | Found Come's Antique Armour Emporium.
 38487 | Orc:2    | Found a one-way gate leading to the halls of Pandemonium.
 38502 | Orc:2    | Bought a book of Frost for 560 gold pieces
 38664 | Orc:2    | Found a transporter.
 38664 | Orc:2    | Found a transporter.
 38722 | Orc:2    | plan: upgrade spellcast to learn frost remparts
 38802 | Elf:1    | Reached skill level 5 in Evocations
 38927 | Elf:1    | Noticed a deep elf sorcerer
 38941 | Elf:1    | Killed a deep elf sorcerer
 39083 | Elf:1    | Learned a level 1 spell: Freeze
 39175 | Elf:1    | Reached skill level 5 in Unarmed Combat
 40898 | Snake:1  | Noticed Aizul
 40993 | Slime:1  | Entered Level 1 of the Pits of Slime
 40997 | Slime:1  | Noticed an acid blob
 40998 | Slime:1  | Gained mutation: You are occasionally teleported next to
                  | monsters. [a shining eye]
 41012 | Slime:1  | Demolished by an acid blob

Illustrated notes # # #8 8# #.###?# ##...## #..@..# ####### Turn 0 on D:1: plan: leave bosses, return later ###### #####....# #........# #######........#### #.@..............). # #.#####.........### #. #.#####...##'##..## #.. #....##).##≈.≈##... #...#....#..##≈≈.≈§##.. #?.........##§≈...≈≈##. (...([.....##≈.....≈##. ##.#....†.##8_.._.._8## ....#.....######8###### Turn 3474 on D:4: todo grinder .###.# #. #<#.....#.. #. #.#W...8#.# #.#..(..+.# #.#(....+.. #.#...(.+.# #.#.(...#.# #.#.(..(#.# #.# ##@###### #.######......... #.###.##......####.#. #.............####. #####.##.#.......... #..##.#.######.## #.###.#.# #. #.#.# #. #.#.# Turn 6556 on D:6: todo ghost

.# ##...###.#≈≈## , , .#
#......S#≈.#{{{* * .#
#####..##≈.# * * .#
#####≈.## .# ####≈≈..#######
.###########≈≈≈≈≈........###
...........................#
...####.#.#.#[...#.####.#..#
...#............Y..........#
...#.........#...#.........#
...#.........#...#.......#†#
.............#...#.......#.#
...#...[.................#.#
...#.........#...#.......#.#
.............#...#.......#.#
...#.....................#.#
...#.........#...........#.#


Turn 16828 on Lair:1: todo water mocassins .....#.#[[###...........#........
..)...)[)###...........###....... #.#.#.)[####.#.....#...#......... ..[..[.##
#...................... .#.#.)###....##.#......#.#.......
.....###.....###...#.######...... #∩.∩###.....###...#### ###...... ##.## ##....*
##.## ###.#...#.. ### ###.# #.@.# ##......###. ##* #...# #....#.## ## ##.##
##.##### ### ### Turn 38722 on Orc:2: plan: upgrade spellcast to learn frost
remparts

Levels and vault maps discovered:
D:1:      saegor_arrival_simple_c, layout_loops_ring
D:2:      layout_loops_ring, grunt_dithmenos_smoke
D:3:      layout_basic, chequers_ecumenical_altar_island
D:4:      layout_basic, grunt_temple_overflow_opulence,
          gammafunk_temple_overflow_claw,
          chequers_temple_overflow_statue_of_worship, temple_doors_ab,
          minmay_ruptured, uniq_grinder
D:5:      layout_gridville, lemuel_zombie_altar_yredelemnul, first_ration
D:6:      layout_loops_ring, ebering_ghost_rock_garden, hex_medium,
          uniq_prince_ribbit1, uniq_blork_the_orc
D:7:      layout_gridville, tso_metal_star, lemuel_coloured_pillars_altar
D:8:      layout_basic, eat_drink_and_be_merry_uskayaw, zin_statuary,
          grunt_pizzeria, minmay_stone_trees_small
D:9:      layout_loops_ring, kennysheep_mini_moat, serial_shops,
          nicolae_shop_statue_plus, corexii_checkpoint_b,
          yredelemnul_altar_generic
D:10:     layout_irregular_city, uniq_erica
D:11:     layout_small_grid, erik_lair_island
D:12:     layout_loops_ring, chequers_serial_rivers_micro_b, trog_wizard
D:13:     layout_long_grid, hangedman_vaults_entry_quadrant_bands,
          enter_bailey_2, hellmonk_ghost_happy_afterlife
D:14:     layout_irregular_city, basic_altar, minivault_4, uniq_frances
Temple:   compressed_dpeg_triangle_lava_temple
Lair:1:   lemuel_reptile_caves, layout_regular_city, lemuel_fruit_tree
Lair:2:   layout_cave_pods, swamp_mist, basic_altar, grunt_megastairs_2,
          serial_bayou_shore_b
Lair:3:   beast_lair_carwin_large_3, layout_cave_pods,
          portal_ice_cave_entry_pillars_1
Lair:4:   layout_roguey, dummy_snake_entry, roderic_carrion_pond
Lair:5:   beast_lair_carwin_large_2, layout_cave_pods, slime_altar_1
Lair:6:   guppyfry_lair_end_dragon, layout_gridlike, wormcave,
          serial_bayou_shore_b, uniq_snorg
Snake:1:  gammafunk_the_bubble [the_bubble_gammafunk_split], layout_basic,
          serial_shops, nicolae_shop_crystal, uniq_aizul, uniq_kirke
Slime:1:  layout_caves
Orc:1:    layout_caves, mines2_lemuel
Orc:2:    pf_orc_diabolical, layout_caves, gammafunk_ghost_abyssal_escape
Elf:1:    layout_gridlike, orc_legates, lemuel_statue_altar

Skill      XL: |  1  2  3  4  5  6  7  8  9 10 11 12 13 14 15 |
---------------+----------------------------------------------+-----
Dodging        | 2 4 5 6 |  6.0
Fighting       | 2 3 4 5 6 8 10 11 12 | 12.4
Transmutations | 3 4 5 6 7 8 10 11 12 13 | 13.1
Poison Magic   | 1 2 4 5 7 9 10 | 10.5
Short Blades   | 2 3 |  3.0
Stealth        | 1 |  1.7
Translocations | 2 3 4 |  4.0
Slings         | 2 |  2.0
Spellcasting   | 3 4 6 7 9 10 11 12 | 12.7
Conjurations   | 2 3 |  3.0
Air Magic      | 2 3 |  3.0
Axes           | 2 |  2.0
Throwing       | 1 2 |  2.6
Maces & Flails | 1 |  1.4
Ice Magic      | 3 |  3.2
Fire Magic     | 2 3 |  3.0
Evocations     | 1 4 5 |  5.2
Long Blades    | 2 3 |  3.0
Shields        | 1 |  1.5
Earth Magic    | 3 6 |  6.1
Unarmed Combat | 5 |  5.7

Action                   |  1- 3 |  4- 6 |  7- 9 | 10-12 | 13-15 || total
-------------------------+-------+-------+-------+-------+-------++-------
Melee: Unarmed           |   168 |    86 |   111 |   415 |   349 ||  1129
       Tailslap          |    12 |    16 |    61 |    57 |    75 ||   221
       Punch             |     6 |       |     6 |     4 |    11 ||    27
       Headbutt          |     2 |     1 |    54 |    57 |    41 ||   155
       Kick              |       |     6 |     7 |       |       ||    13
       Rapier            |       |    34 |   295 |   186 |    72 ||   587
       Hand axe          |       |       |    34 |    65 |    33 ||   132
       Flail             |       |       |       |    36 |    20 ||    56
       Scimitar          |       |       |       |       |    49 ||    49
       Bite              |       |       |       |       |    51 ||    51
 Fire: Hunting sling     |     1 |    28 |    18 |       |       ||    47
Throw: Stone             |       |       |     5 |       |       ||     5
       Dart              |       |       |    10 |    50 |     9 ||    69
       Boomerang         |       |       |       |    37 |    50 ||    87
       Javelin           |       |       |       |     1 |       ||     1
 Cast: Beastly Appendage |     5 |     8 |    40 |    51 |    33 ||   137
       Sticks to Snakes  |     4 |     8 |    14 |    45 |    68 ||   139
       Blade Hands       |       |       |     2 |    11 |    19 ||    32
       Mephitic Cloud    |       |       |     1 |    37 |    42 ||    80
       Spider Form       |       |       |       |    23 |    39 ||    62
       Blink             |       |       |       |     7 |     2 ||     9
       Ice Form          |       |       |       |    24 |    27 ||    51
       Ignite Poison     |       |       |       |    54 |   234 ||   288
       Sting             |       |       |       |     9 |    20 ||    29
       Olgreb's Toxic Ra |       |       |       |     4 |    73 ||    77
       Poisonous Vapours |       |       |       |       |   157 ||   157
       Sandblast         |       |       |       |       |    14 ||    14
       Lee's Rapid Decon |       |       |       |       |     5 ||     5
Invok: Curse Item        |       |       |     3 |     1 |     1 ||     5
 Abil: Breathe Acid      |       |       |     1 |     1 |     1 ||     3
       End Transformatio |       |       |       |    25 |    26 ||    51
Evoke: Wand              |       |       |       |     1 |     1 ||     2
  Use: Scroll            |       |       |       |    27 |    12 ||    39
 Stab: Sleeping          |     1 |       |     2 |     3 |     5 ||    11
       Distracted        |       |     2 |     2 |     4 |     3 ||    11
       Confused          |       |       |       |     7 |     2 ||     9
  Eat: Chunk             |     3 |     9 |    15 |    41 |    56 ||   124
       Ration            |       |       |     2 |     1 |     4 ||     7
Armor: Skin              |    51 |    20 |   123 |   176 |    84 ||   454
Dodge: Dodged            |   101 |    80 |   354 |   765 |   683 ||  1983
       Rpst.: Scimitar   |       |       |       |       |    12 ||    12

Table legend:
 A = Non-vault XP
 B = Vault XP
 C = Vault XP percentage of total XP
 D = Non-vault monster count
 E = Vault monster count
 F = Vault count percentage of total count
                 A         B        C        D         E       F
            +---------+---------+-------+---------+---------+-------
      Total |   90769 |   53633 |  37.1 |     626 |     244 |  28.0
            +---------+---------+-------+---------+---------+-------
        D:1 |      51 |       0 |   0.0 |      30 |       0 |   0.0
        D:2 |      77 |       0 |   0.0 |      20 |       0 |   0.0
        D:3 |      39 |       0 |   0.0 |      18 |       0 |   0.0
        D:4 |     492 |     298 |  37.7 |      22 |       5 |  18.5
        D:5 |    1255 |       3 |   0.2 |      27 |       2 |   6.9
        D:6 |     765 |    1091 |  58.8 |      21 |       3 |  12.5
        D:7 |     893 |       0 |   0.0 |      24 |       0 |   0.0
        D:8 |    1742 |     184 |   9.6 |      32 |       1 |   3.0
        D:9 |    1106 |       3 |   0.3 |      31 |       1 |   3.1
       D:10 |    2760 |     884 |  24.3 |      25 |       1 |   3.8
       D:11 |    4172 |     896 |  17.7 |      45 |       9 |  16.7
       D:12 |    8620 |       0 |   0.0 |      48 |       0 |   0.0
       D:13 |    6264 |    4350 |  41.0 |      27 |      18 |  40.0
       D:14 |    6348 |    2203 |  25.8 |      21 |       1 |   4.5
     Lair:1 |    4526 |    2896 |  39.0 |      25 |      31 |  55.4
     Lair:2 |    4197 |       0 |   0.0 |      22 |       0 |   0.0
     Lair:3 |    7281 |     831 |  10.2 |      27 |       9 |  25.0
     Lair:4 |    4569 |     447 |   8.9 |      16 |       4 |  20.0
     Lair:5 |    3665 |    4013 |  52.3 |      19 |       7 |  26.9
     Lair:6 |    7371 |   12504 |  62.9 |      22 |      36 |  62.1
    Snake:1 |     640 |       0 |   0.0 |       4 |       0 |   0.0
    Slime:1 |    1496 |       0 |   0.0 |       5 |       0 |   0.0
      Orc:1 |    2035 |     727 |  26.3 |      51 |       1 |   1.9
      Orc:2 |    1292 |   15809 |  92.4 |      12 |      62 |  83.8
      Elf:1 |   19113 |       0 |   0.0 |      32 |       0 |   0.0
     Bailey |       0 |    1779 | 100.0 |       0 |      27 | 100.0
      IceCv |       0 |    4715 | 100.0 |       0 |      26 | 100.0
            +---------+---------+-------+---------+---------+-------
